 Dungeon Crawl Stone Soup version 0.21-a0-509-gecc5317 (webtiles) character file.

5493 Madydog the Carver (level 10, -4/91 HPs)
             Began as a Minotaur Berserker on Nov 30, 2017.
             Was a High Priest of Trog.
             Slain by an orc warrior
             ... wielding a +0 flail
              (7 damage)
             ... on level 10 of the Dungeon.
             The game lasted 00:23:53 (9895 turns).

Madydog the Carver (Minotaur Berserker)             Turns: 9895, Time: 00:23:54

Health: -4/91      AC:  9    Str: 26    XL:     10   Next: 42%
Magic:  3/3        EV:  2    Int:  4    God:    Trog [*****.]
Gold:   492        SH:  0    Dex: 12    Spells: 9/9 levels left

rFire    . . .     SeeInvis .   a - +4 scimitar (antimagic)
rCold    . . .     Gourm    +   j - +0 buckler
rNeg     + + +     Faith    .   y - +1 ring mail {rPois}
rPois    ∞         Spirit   .   (helmet restricted)
rElec    .         Reflect  .   J - +0 cloak
rCorr    .         Harm     .   (no gloves)
MR       .....                  (no boots)
Stlth    +.........             H - amulet of the gourmand
HPRegen  0.25/turn              k - +3 ring of dexterity
MPRegen  0.08/turn              r - ring of flight

@: petrified
A: retaliatory headbutt, horns 2
a: Berserk, Trog's Hand, Brothers in Arms, Burn Spellbooks, Renounce Religion,
Evoke Flight


You were on level 10 of the Dungeon.
You worshipped Trog.
Trog was extremely pleased with you.
You were near starving.

You visited 1 branch of the dungeon, and saw 10 of its levels.

You collected 492 gold pieces.

Inventory:

Hand Weapons
 a - a +4 antimagic scimitar (weapon)
 C - a +2 antimagic spear
Armour
 j - a +0 buckler (worn)
 y - a +1 ring mail of poison resistance (worn)
 J - a +0 cloak (worn)
Jewellery
 k - a +3 ring of dexterity (left hand)
 r - a ring of flight (right hand)
 H - an amulet of the gourmand (around neck)
Wands
 b - a wand of paralysis (9)
 i - a wand of random effects (30)
 p - a wand of clouds (1)
 q - a wand of flame (67)
Scrolls
 d - 11 scrolls of teleportation
 e - 2 scrolls of amnesia {unknown}
 m - a scroll of magic mapping
 s - a scroll of enchant weapon
 w - a scroll of blinking {unknown}
 A - a scroll of acquirement {unknown}
 E - a scroll of summoning {unknown}
 G - 2 scrolls of fog
 I - a scroll of silence {unknown}
 M - 2 scrolls of remove curse
 N - a scroll of enchant armour {unknown}
Potions
 h - 3 potions of degeneration
 l - 2 potions of mutation
 n - 2 potions of curing
 t - 3 potions of heal wounds
 u - 2 potions of haste
 v - 2 potions of lignification
 x - a potion of resistance {unknown}
 z - 2 potions of agility
 D - 2 potions of berserk rage
 K - a potion of flight {unknown}
Comestibles
 c - 5 bread rations
 f - 4 meat rations
 g - 20 fruits
 F - a royal jelly


   Skills:
 + Level 9.2 Fighting
 * Level 10.8 Long Blades
 - Level 6.8 Polearms
 + Level 7.8 Armour
 + Level 6.3 Dodging
 - Level 1.2 Stealth
 + Level 4.1 Shields


You had 9 spell levels left.
You didn't know any spells.

Dungeon Overview and Level Annotations

Branches:
Dungeon (10/15)            Temple (0/1) D:4
   Lair: D:8-11         Orc: D:9-12

Altars:
Dithmenos
Fedhas
Makhleb
Nemelex Xobeh
Okawaru
Qazlal
Sif Muna
Xom


Innate Abilities, Weirdness & Mutations

You reflexively headbutt those who attack you in melee.
You have a pair of horns on your head.


Message History

You are slowing down.
The orc warrior closely misses you.
You climb downwards.
An orc comes into view. It is wielding a short sword.
The orc shouts!
The orc warrior hits you with a halberd!
* * * LOW HITPOINT WARNING * * *
The orc hits you but does no damage. x2
The orc warrior hits you with a halberd!
* * * LOW HITPOINT WARNING * * *
You have turned to stone.
An orc comes into view. It is wielding a trident.
The orc shouts!
The wolf bites you but does no damage. The orc hits you but does no damage.
The wolf bites you but does no damage. The basilisk bites you!
* * * LOW HITPOINT WARNING * * *
The orc warrior hits you with a halberd.
* * * LOW HITPOINT WARNING * * *
The orc warrior hits you with a flail!
You die...

... ..###:.. ♣...
..........:
P..##..#......
#$..........
##...lhS .o.
###..K.gK# K.#
....#. #)###.#######
...#..##(#..o......#
.......=((.o@h.....#
........##..lo.o...#
#......(########.###
#..##...# .. ..
#...#####. . .
#.<.......#
.........#######
...........
.........###


You could see a basilisk, 2 orc warriors, a wolf, 3 orcs and a kobold.

Vanquished Creatures
  3 hippogriffs
  4 yaks (D:10)
  Grum (D:9)
  A hungry ghost (D:8)
  Duvessa (D:5)
  4 porcupines (D:10)
  An orc warrior (D:10)
  2 ogres
  3 ice beasts (D:7)
  3 phantoms
  4 crocodiles
  2 wolves (D:10)
  3 centaurs
  A big kobold (D:10)
  3 bullfrogs
  Dowan (D:5)
  3 scorpions
  5 killer bees (D:9)
  5 crimson imps
  A centaur zombie (D:8)
  3 hounds
  A bullfrog skeleton (D:9)
  A centaur skeleton (D:9)
  A jelly (D:7)
  5 orc priests
  12 orc wizards
  2 iguanas
  4 worker ants
  A hound zombie (D:8)
  2 worker ant zombies (D:5)
  4 gnolls (D:6)
  8 adders
  2 howler monkey skeletons (D:5)
  4 shadow imps
  An ooze (D:6)
  5 adder skeletons
  An adder zombie (D:9)
  2 worms
  4 dart slugs
  2 leopard geckos
  50 orcs
  A ball python (D:4)
  6 giant cockroaches
  6 goblins
  6 hobgoblins
  23 jackals
  3 quokkas
  6 bats
  4 frilled lizards
  A jackal skeleton (D:4)
  11 kobolds
  A leopard gecko zombie (D:5)
  2 quokka skeletons (D:4)
  5 rats
241 creatures vanquished.

Vanquished Creatures (others)
  A fungus (D:10)
1 creature vanquished.

Grand Total: 242 creatures vanquished

Notes
Turn   | Place    | Note
-------+----------+-------------------------------------------
     0 | D:1      | Madydog the Minotaur Berserker began the quest for the Orb.
     0 | D:1      | Reached XP level 1. HP: 19/19 MP: 0/0
    95 | D:1      | Reached XP level 2. HP: 21/27 MP: 1/1
   186 | D:1      | Reached skill level 4 in Long Blades
   976 | D:2      | Reached XP level 3. HP: 22/34 MP: 2/2
  1326 | D:2      | Reached ** piety under Trog
  1393 | D:2      | Found a deep blue altar of Sif Muna.
  1634 | D:2      | Found a blossoming altar of Fedhas.
  1747 | D:2      | Reached XP level 4. HP: 19/41 MP: 3/3
  2354 | D:3      | Reached skill level 5 in Long Blades
  2520 | D:3      | Reached XP level 5. HP: 42/47 MP: 4/4
  2627 | D:3      | Reached skill level 1 in Stealth
  2869 | D:3      | Found a sparkling altar of Nemelex Xobeh.
  3062 | D:3      | Found a stormy altar of Qazlal.
  3106 | D:3      | Reached *** piety under Trog
  3186 | D:4      | Noticed an ogre
  3193 | D:3      | Killed an ogre
  3193 | D:3      | Reached skill level 5 in Fighting
  3193 | D:3      | Reached XP level 6. HP: 56/56 MP: 5/5
  3355 | D:4      | Found an iron altar of Okawaru.
  3589 | D:4      | Reached skill level 6 in Long Blades
  3591 | D:4      | Reached skill level 1 in Shields
  3611 | D:4      | Found a staircase to the Ecumenical Temple.
  3943 | D:5      | Entered Level 5 of the Dungeon
  3951 | D:5      | Reached XP level 7. HP: 57/61 MP: 6/6
  4316 | D:5      | Reached skill level 7 in Long Blades
  4582 | D:5      | Found a shimmering altar of Xom.
  4754 | D:5      | Reached **** piety under Trog
  4848 | D:5      | Reached skill level 5 in Armour
  5108 | D:5      | Noticed Dowan
  5109 | D:5      | Noticed Duvessa
  5116 | D:5      | Killed Duvessa
  5116 | D:5      | Reached XP level 8. HP: 46/70 MP: 7/7
  5122 | D:5      | Killed Dowan
  5122 | D:5      | Reached skill level 8 in Long Blades
  6516 | D:7      | Reached skill level 1 in Polearms
  6809 | D:7      | Reached skill level 5 in Dodging
  6974 | D:7      | Reached XP level 9. HP: 79/79 MP: 2/8
  7518 | D:8      | Reached ***** piety under Trog
  7626 | D:8      | Reached skill level 5 in Polearms
  7714 | D:8      | Found a burning altar of Makhleb.
  8931 | D:9      | Received a gift from Trog
  8966 | D:9      | Reached skill level 9 in Long Blades
  9168 | D:9      | Found a shadowy altar of Dithmenos.
  9502 | D:10     | Entered Level 10 of the Dungeon
  9512 | D:10     | Noticed Grum
  9528 | D:10     | Reached XP level 10. HP: 50/90 MP: 3/9
  9540 | D:10     | Reached skill level 10 in Long Blades
  9877 | D:9      | Killed Grum
  9890 | D:10     | HP: 3/91 [wolf[Grum] (3)]
  9895 | D:10     | HP: 4/91 [basilisk (5)]
  9895 | D:10     | Slain by an orc warrior

Vault maps used:
D:1:      onia_arrival_mini_maze_b
D:2:      led_sif_pool, first_bread, fedhas_altar_fruit_tree
D:3:      marbit_many_paths, nemelex_xobeh_ov_fountains_minmay
D:4:      okawaru_gym_becter, temple_hall, kennysheep_pointless_box,
          st_stairs_10, eino_small_chamber_without_monster
D:5:      kennysheep_mini_moat, st_stairs_3, uniq_duvessa
D:8:      lemuel_round_altar
D:9:      nicolae_dithmenos_the_darkroom
D:10:     minmay_lair_entry_grove, uniq_gastronok, uniq_grum

Skill      XL: |  1  2  3  4  5  6  7  8  9 10 |
---------------+-------------------------------+-----
Long Blades    | 4 5 6 7 8 9 10 | 10.8
Fighting       | 4 5 7 8 9 |  9.2
Dodging        | 3 4 5 6 |  6.3
Stealth        | 1 |  1.2
Armour         | 3 4 5 6 7 |  7.8
Shields        | 1 2 4 |  4.1
Polearms       | 3 6 |  6.8

Action                   |  1- 3 |  4- 6 |  7- 9 | 10-12 || total
-------------------------+-------+-------+-------+-------++-------
Melee: Falchion          |    94 |   157 |   167 |       ||   418
       Headbutt          |    18 |    36 |    98 |    11 ||   163
       Spear             |       |       |   201 |       ||   201
       Scimitar          |       |       |    32 |    38 ||    70
Invok: Burn Spellbooks   |       |       |     2 |       ||     2
       Berserk           |       |       |     1 |       ||     1
  Use: Scroll            |       |     9 |     4 |       ||    13
       Potion            |       |       |       |     2 ||     2
  Eat: Chunk             |     2 |     6 |    17 |       ||    25
       Fruit             |       |     1 |     3 |       ||     4
Armor: Animal skin       |    18 |     1 |       |       ||    19
       Ring mail         |       |    52 |    75 |    21 ||   148
Dodge: Dodged            |    57 |    90 |   179 |    35 ||   361
Block: Buckler           |     2 |    13 |    48 |    13 ||    76
       Rpst.: Falchion   |    12 |    31 |    19 |       ||    62
       Scimitar          |       |       |     9 |     7 ||    16

Table legend:
 A = Spawn XP
 B = Non-spawn XP
 C = Spawn XP percentage of total XP
 D = Spawn monster count
 E = Non-spawn monster count
 F = Spawn count percentage of total count
 G = Total turns spent on level
                    A         B        C        D         E        F      G
               +---------+---------+-------+---------+---------+-------+---------
         Total |       0 |    7848 |   0.0 |       0 |     241 |   0.0 |  9895
               +---------+---------+-------+---------+---------+-------+---------
           D:1 |       0 |      31 |   0.0 |       0 |      16 |   0.0 |   915
           D:2 |       0 |      77 |   0.0 |       0 |      23 |   0.0 |  1284
           D:3 |       0 |     320 |   0.0 |       0 |      31 |   0.0 |   995
           D:4 |       0 |     299 |   0.0 |       0 |      34 |   0.0 |   749
           D:5 |       0 |     865 |   0.0 |       0 |      26 |   0.0 |  1508
           D:6 |       0 |     535 |   0.0 |       0 |      30 |   0.0 |  1030
           D:7 |       0 |    1332 |   0.0 |       0 |      19 |   0.0 |   993
           D:8 |       0 |     679 |   0.0 |       0 |      21 |   0.0 |   716
           D:9 |       0 |     984 |   0.0 |       0 |      19 |   0.0 |  1624
          D:10 |       0 |    2726 |   0.0 |       0 |      22 |   0.0 |    81
               +---------+---------+-------+---------+---------+-------+---------
